 Dungeon Crawl Stone Soup version 0.14-a0-218-g24e112a (webtiles) character file.

8852 Leibowitz the Nimble (level 11, -1/67 HPs)
             Began as a Kobold Berserker on Oct 8, 2013.
             Was a High Priest of Trog.
             Impaled on a porcupine's spines (7 damage)
             ... on Level 11 of the Dungeon on Oct 9, 2013.
             The game lasted 00:50:53 (10803 turns).

Leibowitz the Nimble (Kobold Berserker)            Turns: 10803, Time: 00:50:53

HP  -1/67        AC  7     Str 15      XL: 11   Next: 52%
MP  10/10        EV 30     Int  5      God: Trog [*****.]
Gold 616         SH  0     Dex 21      Spells:  0 memorised, 10 levels left

Res.Fire  : . . .   See Invis. : .   a - +1 dagger (venom)
Res.Cold  : . . .   Warding    : +   k - +0 leather armour
Life Prot.: + . .   Conserve   : .   (no shield)
Res.Poison: .       Res.Corr.  : .   (no helmet)
Res.Elec. : .       Clarity    : .   p - +0 orc cloak
Sust.Abil.: . .     Spirit.Shd : .   m - +0 pair of gloves
Res.Mut.  : .       Stasis     : .   v - +1 pair of elf boots
Res.Rott. : .       Flight     : .   I - amulet of warding
Saprovore : + + .                    d - +3 ring of evasion
                                     h - +3 ring of dexterity

@: regenerating, very resistant to hostile enchantments, extremely stealthy
A: disease resistance, breathe flames 1, carnivore 3, -10% mp, saprovore 2, Str
-2
a: Burn Spellbooks, Berserk, Trog's Hand, Brothers in Arms, Renounce Religion,
Breathe Fire


You were on level 11 of the Dungeon.
You worshipped Trog.
Trog was extremely pleased with you.
You were full.

You visited 2 branches of the dungeon, and saw 12 of its levels.

You collected 596 gold pieces.

Inventory:

Hand weapons
 a - a +1,+1 dagger of venom (weapon)
 b - a +0 blowgun
 A - a +2,+1 orcish dagger of holy wrath
 L - the +7,+7 quarterstaff of Skiossi {elec, *Tele rN+ MR++ SInv Stlth++}
   (You found it on level 9 of the Dungeon)

   Occasionally, upon striking a foe, it will discharge some electrical energy
   and cause terrible harm.
   It protects you from negative energy.
   It affects your resistance to hostile enchantments.
   It enhances your eyesight.
   It causes teleportation.
   It makes you much more stealthy.
Missiles
 l - 7 curare-tipped needles
 u - 11 tomahawks (quivered)
Armour
 k - a +0 leather armour (worn)
 m - a +0 pair of gloves (worn)
 p - a +0 orcish cloak (worn)
 v - a +1 pair of elven boots (worn)
Magical devices
 s - a wand of enslavement (0)
 D - a wand of confusion (0)
 K - a wand of frost (23)
Comestibles
 i - 2 sausages
 t - 2 honeycombs
 H - 3 meat rations
Scrolls
 f - 5 scrolls of identify
 g - 3 scrolls of magic mapping
 x - 2 scrolls of remove curse
Jewellery
 d - a +3 ring of evasion (right hand)
 e - an uncursed amulet of resist corrosion
 h - a +3 ring of dexterity (left hand)
 r - an uncursed amulet of resist mutation
 y - an uncursed ring of see invisible
 I - an amulet of warding (around neck)
 M - an uncursed ring of sustenance
Potions
 o - 2 potions of brilliance
 q - 4 potions of curing
 w - a potion of resistance
 z - a potion of heal wounds


   Skills:
 * Level 8.0 Fighting
 * Level 8.5 Short Blades
 + Level 2.6 Throwing
 - Level 1.5 Armour
 * Level 13.9 Dodging
 * Level 11.4 Stealth
 + Level 1.5 Evocations


You had 10 spell levels left.
You didn't know any spells.

Dungeon Overview and Level Annotations

Branches:
Dungeon (11/27)            Temple (1/1) D:7             Orc (0/4) D:9
   Lair (0/8) D:11

Altars:
Ashenzari
Cheibriados
Elyvilon
Fedhas
Kikubaaqudgha
Makhleb
Nemelex Xobeh
Okawaru
Sif Muna
Trog
Vehumet
Xom
Yredelemnul
Zin
the Shining One

Shops:
D:4 [


Innate Abilities, Weirdness & Mutations

You recuperate from illness quickly.
You are small and have problems with some larger weapons.
You are carnivorous and can eat meat at any time.
You can eat rotten meat.
You can breathe flames.
Your magical capacity is low (-10% MP).
You are weak. (Str -2)


Message History

You hit the green rat.
The green rat is moderately wounded.
You closely miss the green rat.
The green rat is moderately wounded.
The porcupine barely misses you.
A yak comes into view.
You are struck by the porcupine's spines.
* * * LOW HITPOINT WARNING * * *
You barely miss the porcupine. The porcupine misses you.
You are struck by the porcupine's spines.
* * * LOW HITPOINT WARNING * * *
You hit the porcupine.
The porcupine is poisoned.
The porcupine is lightly wounded.
The yak moves out of view.
The porcupine completely misses you.
You are struck by the porcupine's spines.
* * * LOW HITPOINT WARNING * * *
You closely miss the porcupine.
The porcupine is lightly wounded.
You are struck by the porcupine's spines.
You die...

#...f.# #PrYr....
#####f..fP### ##.......>.
#....ff_PP..# #$.jY.P....
#....P..ff..# #...fP.....
#.....fPf...# #....Y..P...
#...........######..........
#...........#rY.rYr#.P......
#...........#r#.r..##.....P
####...........#@#r...##.#P...
...........>...'r.Yr.........#
.[.............####.####.###.
...............# #......#
....(..........# ########
...............#
....############ ....# ....#


You could see 2 yaks, 2 porcupines, a green rat and a rat.

Vanquished Creatures
  Joseph (D:9)
  Psyche (D:9)
  2 trolls
  A two-headed ogre (D:6)
  11 yaks (D:11)
  2 hungry ghosts
  The ghost of casual the Ducker, an average OpFi (D:3)
  A hippogriff (D:9)
  Edmund (D:5)
  A swamp drake (D:9)
  3 phantoms
  6 ice beasts
  3 sky beasts
  4 orc warriors
  A black bear (D:7)
  3 ogres
  8 centaurs
  3 water moccasins
  A giant frog (D:6)
  A manticore zombie (D:7)
  2 jellies
  2 killer bees (D:7)
  2 crimson imps
  3 goliath beetles
  3 hounds
  Crazy Yiuf (D:5)
  6 orc priests
  3 iguanas
  12 orc wizards
  5 worker ants
  4 scorpions
  Ijyb (D:2)
  Terence (D:2)
  A mummy (D:9)
  3 adders
  A worm zombie (D:6)
  5 gnolls
  4 worms
  An iguana skeleton (D:10)
  3 giant geckos
  An ooze (D:2)
  32 orcs
  A ball python (D:3)
  A bat skeleton (D:6)
  7 giant cockroaches
  13 goblins
  16 hobgoblins
  4 jackals (D:7)
  14 kobolds
  5 quokkas
  15 bats
  A giant gecko zombie (D:8)
  6 giant newts
  A giant newt skeleton (D:5)
  2 giant spores
  2 hobgoblin skeletons
  A kobold skeleton (D:7)
  An orc skeleton (D:4)
  11 rats
  2 rat skeletons (D:6)
  4 ballistomycetes
258 creatures vanquished.

Notes
Turn   | Place    | Note
--------------------------------------------------------------
     0 | D:1      | Leibowitz, the Kobold Berserker, began the quest for the Orb.
     0 | D:1      | Reached XP level 1. HP: 14/14 MP: 0/0
   139 | D:1      | Reached XP level 2. HP: 17/19 MP: 1/1
   314 | D:1      | Acquired Trog's second power
   318 | D:1      | Reached XP level 3. HP: 12/24 MP: 2/2
   452 | D:2      | Noticed Terence
   462 | D:2      | Reached skill level 1 in Stealth
   638 | D:2      | Killed Terence
   852 | D:2      | Reached XP level 4. HP: 21/29 MP: 3/3
   959 | D:2      | Noticed Ijyb
   985 | D:2      | Killed Ijyb
  1196 | D:2      | Noticed a sky beast
  1597 | D:3      | Noticed casual's ghost (average OpFi)
  1653 | D:3      | Killed casual's ghost
  1653 | D:3      | Reached XP level 5. HP: 33/33 MP: 4/4
  1653 | D:3      | Reached XP level 6. HP: 39/39 MP: 5/5
  1977 | D:3      | Reached skill level 5 in Short Blades
  1977 | D:3      | Reached skill level 5 in Dodging
  2224 | D:3      | Found a sparkling altar of Nemelex Xobeh.
  3101 | D:4      | Reached skill level 5 in Fighting
  3114 | D:4      | Reached XP level 7. HP: 44/44 MP: 6/6
  3212 | D:4      | Reached skill level 1 in Throwing
  3352 | D:4      | Acquired Trog's third power
  3352 | D:4      | Reached skill level 6 in Dodging
  4102 | D:4      | Found Istugg's Armour Shop.
  4130 | D:4      | Reached skill level 7 in Dodging
  4296 | D:5      | Entered Level 5 of the Dungeon
  4331 | D:5      | Noticed Edmund
  4358 | D:5      | Killed Edmund
  4358 | D:5      | Reached XP level 8. HP: 49/49 MP: 7/7
  4517 | D:5      | Noticed Crazy Yiuf
  4529 | D:5      | Killed Crazy Yiuf
  4880 | D:5      | Reached skill level 5 in Stealth
  5458 | D:6      | Reached skill level 8 in Dodging
  5466 | D:6      | Paralysed by a potion of paralysis for 6 turns
  5621 | D:6      | Gained mutation: You are weak. (Str -2) [potion of mutation]
  5621 | D:6      | Gained mutation: Your magical capacity is low (-10% MP). [potion of mutation]
  5621 | D:6      | Gained mutation: You can breathe flames. [potion of mutation]
  5629 | D:6      | Noticed a two-headed ogre
  5632 | D:6      | Killed a two-headed ogre
  5989 | D:6      | Reached XP level 9. HP: 54/54 MP: 7/7
  6567 | D:7      | Reached skill level 9 in Dodging
  6907 | D:7      | Found a staircase to the Ecumenical Temple.
  6927 | Temple   | Entered the Ecumenical Temple
  7430 | D:8      | Reached skill level 10 in Dodging
  7452 | D:8      | Received a gift from Trog
  8176 | D:9      | Reached XP level 10. HP: 60/60 MP: 8/8
  8204 | D:9      | Noticed a troll
  8206 | D:9      | Noticed Psyche
  8222 | D:9      | Killed a troll
  8261 | D:9      | Killed Psyche
  8261 | D:9      | Reached skill level 11 in Dodging
  8375 | D:9      | Got a polished quarterstaff
  8376 | D:9      | Identified the +7,+7 quarterstaff of Skiossi {elec, *Tele rN+ MR++ SInv Stlth++} (You found it on level 9 of the Dungeon)
  8376 | D:9      | Identified the +7,+7 quarterstaff of Skiossi {elec, *Tele rN+ MR++ SInv Stlth++} (You found it on level 9 of the Dungeon)
  8433 | D:9      | Reached skill level 10 in Stealth
  8669 | D:9      | Noticed Joseph
  8677 | D:9      | Killed Joseph
  8899 | D:9      | Found a staircase to the Orcish Mines.
  9214 | D:9      | Reached skill level 12 in Dodging
  9330 | D:9      | Received a gift from Trog
  9514 | D:10     | Entered Level 10 of the Dungeon
  9998 | D:10     | Reached XP level 11. HP: 66/66 MP: 8/9
 10130 | D:11     | Found a glowing golden altar of the Shining One.
 10244 | D:11     | Reached skill level 13 in Dodging
 10524 | D:11     | Reached skill level 1 in Evocations
 10530 | D:11     | HP: 1/66 [yak (13)]
 10717 | D:11     | Found a blossoming altar of Fedhas.
 10742 | D:11     | Found a staircase to the Lair.
 10803 | D:11     | Impaled on a porcupine's spines

Action                   |  1- 3 |  4- 6 |  7- 9 | 10-12 || total
-------------------------+-------+-------+-------+-------++-------
Melee: Short sword       |   129 |   119 |   142 |       ||   390
       Dagger            |       |    85 |   570 |   476 ||  1131
       Quarterstaff      |       |       |       |    24 ||    24
Throw: Tomahawk          |       |     6 |    13 |     1 ||    20
Invok: Berserk           |     1 |     4 |     7 |     4 ||    16
       Burn Spellbooks   |       |       |       |     2 ||     2
       Trog's Hand       |       |       |       |     4 ||     4
 Abil: Breathe Fire      |       |       |     5 |     7 ||    12
Evoke: Wand              |       |       |       |     7 ||     7
  Use: Potion            |       |       |    15 |     5 ||    20
       Scroll            |       |       |       |    22 ||    22
 Stab: Sleeping          |       |     2 |    33 |    10 ||    45
       Distracted        |       |       |       |     1 ||     1
